 Dungeon Crawl Stone Soup version 0.21-a0-516-gaaff437 (webtiles) character file.

1362 esteth the Thaumaturge (level 8, -4/58 HPs)
             Began as a Gnoll Wizard on Dec 3, 2017.
             Was a Follower of Sif Muna.
             Slain by an orc warrior
             ... wielding a +0 war axe
              (7 damage)
             ... on level 6 of the Dungeon.
             The game lasted 00:15:01 (6342 turns).

esteth the Thaumaturge (Gnoll Wizard)               Turns: 6342, Time: 00:15:02

Health: -4/58      AC:  3    Str:  9    XL:     8   Next: 64%
Magic:  4/20       EV: 15    Int: 23    God:    Sif Muna [*.....]
Gold:   291        SH:  0    Dex: 14    Spells: 14/23 levels left

rFire    + . .     SeeInvis +   B - +7 hand axe "Spiderbane" {chop, SInv}
rCold    + . .     Gourm    .   (no shield)
rNeg     + . .     Faith    .   a - +0 robe
rPois    +         Spirit   .   b - +1 hat
rElec    +         Reflect  .   (no cloak)
rCorr    +         Harm     .   (no gloves)
MR       +....                  (no boots)
Stlth    +++.......             (no amulet)
HPRegen  0.19/turn              m - ring of protection from magic
MPRegen  0.17/turn              t - ring of positive energy

@: resistant
A: distributed training, fangs 1, strong nose
a: Divine Energy, Renounce Religion


You were on level 6 of the Dungeon.
You worshipped Sif Muna.
Sif Muna was aware of your devotion.
You were not hungry.

You visited 1 branch of the dungeon, and saw 6 of its levels.

You collected 291 gold pieces.

Inventory:

Hand Weapons
 i - a +0 hand axe
 q - a +1 morningstar of draining
 B - the +7 hand axe "Spiderbane" (weapon) {chop, SInv}
   (You found it on level 5 of the Dungeon)

   It inflicts extra damage upon your enemies.
   It lets you see invisible.
Armour
 a - a +0 robe (worn)
 b - a +1 hat (worn)
 j - a +0 leather armour
Jewellery
 m - a ring of protection from magic (left hand)
 n - an uncursed amulet of faith
 t - a ring of positive energy (right hand)
Wands
 u - a wand of enslavement (15)
Scrolls
 e - 3 scrolls of identify
 k - a scroll of fear
 o - 2 scrolls of teleportation
 p - a scroll of fog
 s - a scroll of immolation {unknown}
 v - 3 scrolls of remove curse {unknown}
 C - 3 scrolls of amnesia {unknown}
 H - a scroll of random uselessness {unknown}
Potions
 g - a potion of brilliance {unknown}
 w - a potion of resistance
 x - a potion of curing
 A - a potion of berserk rage {unknown}
 E - a potion of ambrosia {unknown}
 F - a potion of cancellation {unknown}
Books
 c - a book of Minor Magic

   Spells                             Type                      Level
   a - Magic Dart                     Conjuration                  1
   b - Blink                          Translocation                2
   c - Call Imp                       Summoning                    2
   d - Slow                           Hexes                        2
   e - Conjure Flame                  Conjuration/Fire             3
   f - Mephitic Cloud                 Conjuration/Poison/Air       3
 r - a book of Conjurations

   Spells                             Type                      Level
   a - Magic Dart                     Conjuration                  1
   b - Searing Ray                    Conjuration                  2
   c - Dazzling Spray                 Conjuration/Hexes            3
   d - Fulminant Prism                Conjuration/Hexes            4
   e - Force Lance                    Conjuration/Translocation    4
   f - Iskenderun's Mystic Blast      Conjuration                  4
 y - a book of Maledictions

   Spells                             Type                      Level
   a - Corona                         Hexes                        1
   b - Ensorcelled Hibernation        Hexes/Ice                    2
   c - Confuse                        Hexes                        3
   d - Tukima's Dance                 Hexes                        3
   e - Dazzling Spray                 Conjuration/Hexes            3
 D - a book of Necromancy

   Spells                             Type                      Level
   a - Pain                           Necromancy                   1
   b - Animate Skeleton               Necromancy                   1
   c - Vampiric Draining              Necromancy                   3
   d - Regeneration                   Charms/Necromancy            3
   e - Animate Dead                   Necromancy                   4
   f - Control Undead                 Necromancy                   4
Comestibles
 d - 4 bread rations
 h - 2 royal jellies
 l - 3 fruits
 z - 3 meat rations
 G - 2 chunks of flesh


   Skills:
 + Level 3.4 Fighting
 + Level 3.4 Short Blades
 + Level 3.4 Long Blades
 + Level 3.4 Axes
 + Level 3.4 Maces & Flails
 + Level 3.4 Polearms
 + Level 3.4 Staves
 + Level 3.4 Slings
 + Level 3.4 Bows
 + Level 3.4 Crossbows
 + Level 3.4 Throwing
 + Level 3.4 Armour
 + Level 5.7 Dodging
 + Level 5.4 Stealth
 + Level 3.4 Shields
 + Level 3.4 Unarmed Combat
 + Level 8.0 Spellcasting
 + Level 3.5 Conjurations
 + Level 2.7 Hexes
 + Level 2.7 Charms
 + Level 3.5 Summonings
 + Level 2.7 Necromancy
 + Level 3.5 Translocations
 + Level 2.7 Transmutations
 + Level 2.7 Fire Magic
 + Level 2.7 Ice Magic
 + Level 2.7 Air Magic
 + Level 2.7 Earth Magic
 + Level 2.7 Poison Magic
 + Level 3.7 Invocations
 + Level 3.4 Evocations


You had 14 spell levels left.
You knew the following spells:

 Your Spells              Type           Power        Failure   Level  Hunger
a - Magic Dart            Conj           ####         1%          1    None
b - Call Imp              Summ           ####....     2%          2    None
c - Mephitic Cloud        Conj/Pois/Air  ###.....     6%          3    None
d - Conjure Flame         Conj/Fire      ###.....     5%          3    None


Dungeon Overview and Level Annotations

Branches:
Dungeon (6/15)             Temple (0/1) D:5

Altars:
Qazlal
Sif Muna
Wu Jian
Yredelemnul
Zin
The Shining One

Annotations:
D:6 Sergey's ghost, novice FoAK


Innate Abilities, Weirdness & Mutations

Your experience applies equally to all skills.
You have very sharp teeth.
Your uncanny sense of smell can sniff out nearby items.


Message History

The orc warrior is lightly wounded.
The shadow imp hits your crimson imp.
Your crimson imp barely misses the shadow imp.
The orc warrior barely misses you.
The orc warrior hits your crimson imp with a war axe.
Your crimson imp dies!
The orc warrior barely misses your crimson imp.
The orc warrior hits your crimson imp with a war axe!
Your crimson imp barely misses the orc warrior.
You closely miss the orc warrior.
The orc warrior is lightly wounded.
The shadow imp hits your crimson imp.
Your crimson imp hits the shadow imp.
Your crimson imp hits the orc warrior.
The orc warrior misses you.
The orc warrior hits your crimson imp with a war axe.
The orc warrior hits your crimson imp with a war axe!
Your crimson imp dies!
The shadow imp hits your crimson imp but does no damage.
Your crimson imp blinks!
The orc warrior hits you with a war axe!
You die...

.# #. .. #. ##... #.
#...... ... #. #..#...
... ..#.# #....# ....
#.#.###....# .....
#.#.@.ยง5...###.....
###.#..o.#...........
#........#...........
#........#...W.......
####...W...##5.....#####
...........).oo5.>.#
##.......)###.....#
#######........# #.....#
#..........##### #.....#


You could see a phantom, an orc warrior and a shadow imp.

Vanquished Creatures
  A black bear (D:6)
  A sky beast (D:5)
  4 ogres
  A wyvern zombie (D:6)
  A scorpion (D:5)
  3 crimson imps
  3 hounds
  2 orc priests (D:2)
  3 orc wizards
  Jessica (D:2)
  An iguana (D:4)
  A hound zombie (D:5)
  6 gnolls
  8 adders
  A shadow imp (D:5)
  2 worms
  2 dart slugs
  5 leopard geckos
  11 orcs
  A ball python (D:4)
  8 bats
  3 giant cockroaches
  4 goblins (D:1)
  A hobgoblin (D:1)
  2 quokkas (D:2)
  7 frilled lizards
  A jackal skeleton (D:4)
  A kobold (D:3)
  A quokka zombie (D:5)
  4 rats
90 creatures vanquished.

Vanquished Creatures (collateral kills)
  The ghost of esteth the Grasshopper, an amateur GnWr of Vehumet (D:4)
  An orc priest (D:6)
  An orc wizard (D:3)
  A gnoll (D:5)
  A worm (D:3)
  5 orcs
  3 jackals (D:4)
  A frilled lizard (D:4)
14 creatures vanquished.

Grand Total: 104 creatures vanquished

Notes
Turn   | Place    | Note
-------+----------+-------------------------------------------
     0 | D:1      | esteth the Gnoll Wizard began the quest for the Orb.
     0 | D:1      | Reached XP level 1. HP: 13/13 MP: 8/8
   163 | D:1      | Reached XP level 2. HP: 18/19 MP: 1/10
   906 | D:2      | Noticed Jessica
   913 | D:2      | Killed Jessica
   913 | D:2      | Reached skill level 1 in Invocations
   913 | D:2      | Reached XP level 3. HP: 25/25 MP: 3/11
  1111 | D:2      | Learned a level 2 spell: Call Imp
  1118 | D:2      | Learned a level 3 spell: Mephitic Cloud
  1125 | D:2      | Learned a level 3 spell: Conjure Flame
  1138 | D:2      | Reached skill level 1 in Fighting
  1138 | D:2      | Reached skill level 1 in Short Blades
  1138 | D:2      | Reached skill level 1 in Long Blades
  1138 | D:2      | Reached skill level 1 in Axes
  1138 | D:2      | Reached skill level 1 in Maces & Flails
  1138 | D:2      | Reached skill level 1 in Polearms
  1138 | D:2      | Reached skill level 1 in Staves
  1138 | D:2      | Reached skill level 1 in Slings
  1138 | D:2      | Reached skill level 1 in Bows
  1138 | D:2      | Reached skill level 1 in Crossbows
  1138 | D:2      | Reached skill level 1 in Throwing
  1138 | D:2      | Reached skill level 1 in Armour
  1138 | D:2      | Reached skill level 1 in Shields
  1138 | D:2      | Reached skill level 1 in Unarmed Combat
  1138 | D:2      | Reached skill level 1 in Evocations
  1138 | D:2      | Reached XP level 4. HP: 19/32 MP: 5/13
  1537 | D:2      | Found an ornate altar of the Wu Jian Council.
  1931 | D:2      | Reached skill level 1 in Hexes
  1931 | D:2      | Reached skill level 1 in Charms
  1931 | D:2      | Reached skill level 1 in Necromancy
  1931 | D:2      | Reached skill level 1 in Transmutations
  1931 | D:2      | Reached skill level 1 in Fire Magic
  1931 | D:2      | Reached skill level 1 in Ice Magic
  1931 | D:2      | Reached skill level 1 in Air Magic
  1931 | D:2      | Reached skill level 1 in Earth Magic
  1931 | D:2      | Reached skill level 1 in Poison Magic
  1932 | D:2      | Reached XP level 5. HP: 17/37 MP: 7/14
  3216 | D:3      | Found a glowing silver altar of Zin.
  3473 | D:4      | Reached XP level 6. HP: 19/44 MP: 14/16
  3928 | D:4      | Reached skill level 5 in Dodging
  4127 | D:4      | Noticed esteth's ghost (amateur GnWr)
  4230 | D:4      | Killed esteth's ghost
  4230 | D:4      | Reached XP level 7. HP: 31/50 MP: 9/18
  4861 | D:4      | Found a glowing golden altar of the Shining One.
  4870 | D:4      | Found a deep blue altar of Sif Muna.
  4874 | D:4      | Became a worshipper of Sif Muna the Loreminder
  4929 | D:5      | Entered Level 5 of the Dungeon
  4932 | D:5      | Reached skill level 5 in Stealth
  5153 | D:5      | Reached XP level 8. HP: 44/57 MP: 19/19
  5513 | D:5      | Found a basalt altar of Yredelemnul.
  5579 | D:5      | Got a bloodstained hand axe
  5580 | D:5      | Identified the +7 hand axe "Spiderbane" {chop, SInv} (You found it on level 5 of the Dungeon)
  5768 | D:5      | Found a staircase to the Ecumenical Temple.
  6115 | D:6      | Found a stormy altar of Qazlal.
  6123 | D:6      | Noticed Sergey's ghost (novice FoAK)
  6272 | D:6      | Reached skill level 8 in Spellcasting
  6323 | D:6      | HP: 2/58 [orc priest/divine providence (13)]
  6331 | D:6      | Reached * piety under Sif Muna
  6338 | D:6      | HP: 2/58 [orc warrior/war axe (12)]
  6342 | D:6      | Slain by an orc warrior

Vault maps used:
D:1:      lemuel_arrival_funnel
D:2:      nicolae_overflow_crystal_walls, uniq_jessica
D:3:      nicolae_overflow_hidden_temple, first_bread
D:4:      amethyst_overflow_temple_binary
D:5:      temple_hall, basic_altar
D:6:      kennysheep_kobold_camp, kennysheep_little_box, basic_altar,
          ashenzari_altar_1, uniq_pikel

Skill      XL: |  1  2  3  4  5  6  7  8 |
---------------+-------------------------+-----
Conjurations   | 2 3 |  3.5
Summonings     | 2 3 |  3.5
Translocations | 2 3 |  3.5
Invocations    | 1 2 3 |  3.7
Fighting       | 1 2 3 |  3.4
Short Blades   | 1 2 3 |  3.4
Long Blades    | 1 2 3 |  3.4
Axes           | 1 2 3 |  3.4
Maces & Flails | 1 2 3 |  3.4
Polearms       | 1 2 3 |  3.4
Staves         | 1 2 3 |  3.4
Slings         | 1 2 3 |  3.4
Bows           | 1 2 3 |  3.4
Crossbows      | 1 2 3 |  3.4
Throwing       | 1 2 3 |  3.4
Armour         | 1 2 3 |  3.4
Shields        | 1 2 3 |  3.4
Unarmed Combat | 1 2 3 |  3.4
Evocations     | 1 2 3 |  3.4
Hexes          | 1 2 |  2.7
Charms         | 1 2 |  2.7
Necromancy     | 1 2 |  2.7
Transmutations | 1 2 |  2.7
Fire Magic     | 1 2 |  2.7
Ice Magic      | 1 2 |  2.7
Air Magic      | 1 2 |  2.7
Earth Magic    | 1 2 |  2.7
Poison Magic   | 1 2 |  2.7
Dodging        | 5 |  5.7
Stealth        | 5 |  5.4
Spellcasting   | 8 |  8.0

Action                   |  1- 3 |  4- 6 |  7- 9 || total
-------------------------+-------+-------+-------++-------
Melee: Unarmed           |     2 |       |       ||     2
       Bite              |     2 |     2 |     8 ||    12
       Hand axe          |    29 |     6 |    43 ||    78
       Morningstar       |       |    42 |    42 ||    84
       Punch             |       |     1 |       ||     1
 Cast: Magic Dart        |    32 |   122 |    38 ||   192
       Call Imp          |       |     7 |    11 ||    18
       Conjure Flame     |       |     1 |     1 ||     2
       Mephitic Cloud    |       |     1 |     1 ||     2
  Use: Scroll            |     4 |     2 |       ||     6
       Potion            |       |     1 |     3 ||     4
 Stab: Sleeping          |     3 |     1 |     6 ||    10
  Eat: Chunk             |     1 |     5 |     4 ||    10
       Bread ration      |       |     1 |       ||     1
       Royal jelly       |       |       |     1 ||     1
Armor: Robe              |    17 |    23 |    13 ||    53
Dodge: Dodged            |    56 |   106 |    61 ||   223

Table legend:
 A = Spawn XP
 B = Non-spawn XP
 C = Spawn XP percentage of total XP
 D = Spawn monster count
 E = Non-spawn monster count
 F = Spawn count percentage of total count
 G = Total turns spent on level
                    A         B        C        D         E        F      G
               +---------+---------+-------+---------+---------+-------+---------
         Total |       0 |    1947 |   0.0 |       0 |     104 |   0.0 |  6342
               +---------+---------+-------+---------+---------+-------+---------
           D:1 |       0 |      26 |   0.0 |       0 |      13 |   0.0 |   887
           D:2 |       0 |     239 |   0.0 |       0 |      26 |   0.0 |  1829
           D:3 |       0 |      52 |   0.0 |       0 |      14 |   0.0 |   736
           D:4 |       0 |     596 |   0.0 |       0 |      29 |   0.0 |  1477
           D:5 |       0 |     787 |   0.0 |       0 |      18 |   0.0 |  1185
           D:6 |       0 |     247 |   0.0 |       0 |       4 |   0.0 |   228
               +---------+---------+-------+---------+---------+-------+---------
